 Dungeon Crawl Stone Soup version 0.29.1-15-g9cfb28693d (webtiles) character file.

Game seed: 8907044471757893752

1463189 SuperSeabass the Black Belt (level 27, 199/199 HPs)
             Began as an Octopode Ice Elementalist on Mar 28, 2023.
             Was the Champion of Jiyva.
             Escaped with the Orb
             ... and 3 runes on Mar 29, 2023!
             The game lasted 06:52:56 (94512 turns).

SuperSeabass the Black Belt (OpIE)                 Turns: 94512, Time: 06:52:57

Health: 199/199    AC: 23    Str: 13 (15) XL:     27
Magic:  51/51      EV: 35    Int: 44      God:    Jiyva [******]
Gold:   4881       SH:  0    Dex:  9 (12) Spells: 6/57 levels left

rFire   + + .      SeeInvis +     - Unarmed
rCold   + + .      Faith    .   (shield currently unavailable)
rNeg    + + .      Spirit   .   (helmet currently unavailable)
rPois   ∞          Reflect  .   F - amulet of the Four Winds {rN+ Will+++ Clar}
rElec   +          Harm     .   M - ring of magical power
rCorr   +          Rampage  .   N - ring of Wuamu {rN+ Str+4 Int+2 SInv}
Will    +++++      Archmagi +   K - +4 ring of slaying
Stlth   ++........ Clarity  +   I - +6 ring of intelligence
HPRegen 2.03/turn               R - ring of protection from fire
MPRegen 0.82/turn               C - ring of Firpha {rF+ EV+4 Str+4}
                                D - ring of the Mage {Wiz Archmagi}
                                e - ring of New Discoveries {Contam rC++ rCorr Slay+4 Stlth+}

@: storm-form, flying, studying Translocations
A: cleaving, insubstantial, flying, almost no armour, amphibious, 8 rings,
(camouflage 1), (gelatinous body 1), (nimble swimmer 1), (tentacles), (tentacle
spike 3), (iridescent scales 2), clarity, clever 2, (poison resistance),
inhibited regeneration, (pseudopods 2), (engulf)
0: Orb of Zot
}: 3/15 runes: serpentine, barnacled, slimy
a: Blinkbolt, End Transformation, Renounce Religion, Oozemancy, Slimify


You escaped.
You worshipped Jiyva.
Jiyva was exalted by your worship.
You were a lightning-filled tempest!
You visited 13 branches of the dungeon, and saw 56 of its levels.
You visited 1 bazaar.
You also visited: Ossuary and Wizlab.

You collected 27258 gold pieces.
You spent 12218 gold pieces at shops.
You paid 10159 gold pieces to Gozag.

Inventory:

Hand Weapons
 a - a +9 spear of protection (melded)
Armour
 L - the +2 shield of Resistance (melded) {rF++ rC++ Will++}
   (You bought it in a shop on level 2 of the Dungeon)

   rF:        It greatly protects you from fire.
   rC:        It greatly protects you from cold.
   Will:      It greatly increases your willpower.
 S - a +2 hat of willpower (melded)
Jewellery
 e - the ring of New Discoveries (on tentacle) {Contam rC++ rCorr Slay+4 Stlth+}
   (You found it on level 4 of the Lair of Beasts)

   [ring of slaying]

   Slay:      It affects your accuracy & damage with ranged weapons and melee
   (+4).
   rC:        It greatly protects you from cold.
   Contam:    It causes magical contamination when unequipped.
   rCorr:     It protects you from acid and corrosion.
   Stlth:     It makes you more stealthy.
 f - a +6 ring of intelligence
 n - the ring of the Genius {rPois Int+3 SInv}
   (You bought it in a shop on level 1 of the Vaults)

   [ring of see invisible]

   Int:       It affects your intelligence (+3).
   rPois:     It protects you from poison.
   SInv:      It lets you see invisible.
 C - the ring of Firpha (on tentacle) {rF+ EV+4 Str+4}
   (You found it on level 5 of the Pits of Slime)

   [ring of evasion]

   EV:        It affects your evasion (+4).
   Str:       It affects your strength (+4).
   rF:        It protects you from fire.
 D - the ring of the Mage (on tentacle) {Wiz Archmagi}
   (You found it on level 1 of the Shoals)

   [ring of wizardry]

   It improves your spell success rate.
   Archmagi:  It increases the power of your magical spells.
 E - the ring of the Hare {EV+8}
   (You found it on level 2 of the Depths)

   [ring of evasion]

   EV:        It affects your evasion (+8).
 F - the amulet of the Four Winds (around neck) {rN+ Will+++ Clar}
   (You bought it in a shop on level 2 of the Orcish Mines)

   [amulet of nothing]

   rN:        It protects you from negative energy.
   Clar:      It protects you against confusion.
   Will:      It greatly increases your willpower.
 H - a ring of protection from fire
 I - a +6 ring of intelligence (on tentacle)
 K - a +4 ring of slaying (on tentacle)
 M - a ring of magical power (left tentacle)
 N - the ring of Wuamu (right tentacle) {rN+ Str+4 Int+2 SInv}
   (You took it off a vampire knight on level 3 of the Crypt)

   [ring of positive energy]

   Str:       It affects your strength (+4).
   Int:       It affects your intelligence (+2).
   rN:        It protects you from negative energy.
   SInv:      It lets you see invisible.
 R - a ring of protection from fire (on tentacle)
Wands
 d - a wand of digging (29)
 m - a wand of mindburst (31)
 p - a wand of polymorph (15)
 z - a wand of paralysis (8)
 T - a wand of roots (50)
 Y - a wand of quicksilver (13)
Scrolls
 h - 6 scrolls of fog
 o - 11 scrolls of fear
 q - 2 scrolls of magic mapping
 t - 3 scrolls of blinking
 v - 4 scrolls of summoning
 w - 11 scrolls of vulnerability
 A - 2 scrolls of amnesia
 O - 9 scrolls of poison
 P - 3 scrolls of torment
 V - 23 scrolls of teleportation
 Z - 3 scrolls of silence
Potions
 b - 10 potions of heal wounds
 c - 5 potions of magic
 i - 3 potions of brilliance
 j - 2 potions of haste
 l - 4 potions of ambrosia
 r - 5 potions of resistance
 s - 7 potions of cancellation
 x - 10 potions of might
 B - 8 potions of lignification
 G - 3 potions of invisibility
 Q - 17 potions of curing
 W - 5 potions of berserk rage
 X - 14 potions of mutation
Miscellaneous
 g - a tin of tremorstones (2/2)
 k - a box of beasts
 u - a condenser vane
 y - a lightning rod (4/4)
 J - a phantom mirror
 U - a phial of floods


   Skills:
 + Level 19.2 Fighting
 + Level 19.3 Dodging
 - Level 10.0 Stealth
 - Level 8.0 Shields
 * Level 19.7 Unarmed Combat
 + Level 15.8 Spellcasting
 - Level 6.0 Conjurations
 + Level 9.9 Summonings
 + Level 15.7 Translocations
 - Level 18.0 Transmutations
 - Level 10.0 Ice Magic
 - Level 18.0 Air Magic
 - Level 9.6 Poison Magic
 - Level 8.5 Evocations


You had 6 spell levels left.
You knew the following spells:

 Your Spells              Type           Power      Damage    Failure   Level
a - Ozocubu's Armour      Ice            100%       N/A       1%          3
c - Mephitic Cloud        Conj/Pois/Air  100%       N/A       0%          3
d - Dispersal             Tloc           65%        N/A       1%          6
g - Malign Gateway        Summ/Tloc      61%        N/A       1%          7
l - Lesser Beckoning      Tloc           100%       N/A       0%          3
m - Maxwell's Capacitive  Air            69%        ∞         1%          8
s - Storm Form            Tmut/Air       69%        N/A       1%          7
w - Wereblood             Tmut           100%       N/A       0%          2
y - Yara's Violent Unrav  Hex/Tmut       53%        3d20      1%          5
A - Manifold Assault      Tloc           100%       N/A       1%          5
P - Passwall              Tmut/Erth      89%        N/A       1%          2

Your spell library contained the following spells:

 Spells                   Type           Power      Damage    Failure   Level
 Apportation              Tloc           100%       N/A       0%          1
 Beastly Appendage        Tmut           100%       N/A       0%          1
 Freeze                   Ice            100%       1d11      0%          1
 Shock                    Conj/Air       100%       1d9       0%          1
 Sting                    Tmut/Pois      100%       1d8       0%          1
 Summon Small Mammal      Summ           100%       N/A       0%          1
 Blink                    Tloc           100%       N/A       0%          2
 Call Imp                 Summ           100%       N/A       0%          2
 Static Discharge         Conj/Air       100%       3-16/arc  0%          2
 Gell's Gravitas          Tloc           100%       N/A       0%          3
 Spider Form              Tmut/Pois      100%       N/A       0%          3
 Teleport Other           Tloc           100%       N/A       0%          3
 Airstrike                Air            69%        2d(10-26) 0%          4
 Ice Form                 Ice/Tmut       100%       N/A       0%          4
 Passage of Golubria      Tloc           100%       N/A       0%          4
 Summon Lightning Spire   Summ/Air       100%       N/A       0%          4
 Blade Hands              Tmut           69%        N/A       0%          5
 Foxfire                  Conj/Fire      100%       2x1d9     1%          1
 Magic Dart               Conj           100%       1d8       1%          1
 Sandblast                Erth           100%       2d20      1%          1
 Slow                     Hex            100%       N/A       1%          1
 Ensorcelled Hibernation  Hex/Ice        100%       N/A       1%          2
 Searing Ray              Conj           100%       2d8       1%          2
 Sublimation of Blood     Necr           51%        N/A       1%          2
 Call Canine Familiar     Summ           100%       N/A       1%          3
 Confusing Touch          Hex            51%        N/A       1%          3
 Conjure Flame            Conj/Fire      75%        6-21      1%          3
 Dazzling Flash           Conj/Hex       100%       N/A       1%          3
 Frozen Ramparts          Ice            100%       1d16      1%          3
 Ignite Poison            Fire/Tmut/Pois 100%       N/A       1%          3
 Inner Flame              Hex/Fire       51%        N/A       1%          3
 Portal Projectile        Hex/Tloc       100%       N/A       1%          3
 Stone Arrow              Conj/Erth      100%       3d13      1%          3
 Summon Guardian Golem    Hex/Summ       87%        N/A       1%          3
 Tukima's Dance           Hex            51%        N/A       1%          3
 Vampiric Draining        Necr           51%        2d9       1%          3
 Corpse Rot               Necr/Pois/Air  100%       N/A       1%          4
 Flame Wave               Conj/Fire      75%        2d17      1%          4
 Fulminant Prism          Conj/Hex       37%        3d18      1%          4
 Hailstorm                Conj/Ice       100%       3d20      1%          4
 Olgreb's Toxic Radiance  Pois           100%       N/A       1%          4
 Sticky Flame             Conj/Fire      75%        2d9       1%          4
 Summon Ice Beast         Ice/Summ       100%       N/A       1%          4
 Alistair's Intoxication  Tmut/Pois      83%        N/A       1%          5
 Freezing Cloud           Conj/Ice/Air   58%        6-21      1%          5
 Lightning Bolt           Conj/Air       59%        1d82      1%          5
 Metabolic Englaciation   Hex/Ice        43%        N/A       1%          5
 Silence                  Hex/Air        53%        N/A       1%          5
 Summon Mana Viper        Hex/Summ       87%        N/A       1%          5
 Eringya's Noxious Bog    Tmut/Pois      62%        N/A       1%          6
 Summon Cactus Giant      Summ           55%        N/A       1%          6
 Fireball                 Conj/Fire      37%        3d15      2%          5
 Animate Dead             Necr           51%        N/A       3%          4
 Dispel Undead            Necr           51%        3d19      3%          4
 Leda's Liquefaction      Hex/Erth       25%        N/A       3%          4
 Simulacrum               Ice/Necr       43%        N/A       6%          6
 Borgnjor's Vile Clutch   Necr/Erth      25%        N/A       9%          5
 Iron Shot                Conj/Erth      37%        9d7       13%         6
 Starburst                Conj/Fire      37%        6d11      13%         6
 Death Channel            Necr           25%        N/A       41%         6
 Dragon Form              Tmut           69%        N/A       1%          7
 Disjunction              Tloc           65%        N/A       3%          8
 Ozocubu's Refrigeration  Ice            55%        4d19      4%          7
 Summon Hydra             Summ           55%        N/A       4%          7
 Spellforged Servitor     Conj/Summ      51%        N/A       10%         7
 Orb of Destruction       Conj           46%        9d12      21%         7
 Summon Horrible Things   Summ           55%        N/A       32%         8
 Necromutation            Tmut/Necr      53%        N/A       43%         8
 Enfeeble                 Hex            25%        N/A       91%         7
 Polar Vortex             Ice            55%        N/A       99%         9
 Borgnjor's Revivificati  Necr           25%        N/A       100%        8
 Discord                  Hex            25%        N/A       100%        8
 Ignition                 Fire           25%        3d9       100%        8
 Death's Door             Necr           25%        N/A       100%        9
 Fire Storm               Conj/Fire      37%        8d10      100%        9
 Animate Armour           Summ/Erth      Unusable   N/A       N/A         4

Dungeon Overview and Level Annotations

Branches:
Dungeon (15/15)            Temple (1/1) D:4            Lair (5/5) D:10
 Shoals (4/4) Lair:3        Snake (4/4) Lair:2        Slime (5/5) Lair:5
    Orc (2/2) D:10            Elf (3/3) Orc:2        Vaults (4/5) D:14
  Crypt (3/3) Vaults:2       Tomb (1/3) Crypt:3      Depths (4/4) D:15
    Zot (5/5) Depths:4    Ossuary (visited)          WizLab (visited)

Altars:
Ashenzari
Cheibriados
Dithmenos
Elyvilon
Fedhas
Gozag
Hepliaklqana
Kikubaaqudgha
Makhleb
Nemelex Xobeh
Okawaru
Qazlal
Ru
Sif Muna
Trog
Uskayaw
Vehumet
Wu Jian
Xom
Yredelemnul
Zin
The Shining One
Jiyva

Shops:
D:2 [   D:9 *   D:10 *[   D:13 *   D:15 :(   Orc:1 [   Orc:2 *[[*   Lair:3 ?(:*
Shoals:3 !   Vaults:1 ==!=   Depths:2 =:=

Portals:
Hell: Depths:1 Depths:2 Depths:3 Depths:4
Abyss: Depths:2 Depths:3
Pandemonium: Depths:2
Ziggurat: Depths:3
Trove: D:10 (give horn of Geryon)

Annotations:
D:2 1 runed translucent door, exclusion: door, Crazy Yiuf
D:8 1 runed translucent door, exclusion: door
D:9 3 runed translucent doors, exclusion: 3 doors, KittyFluff's ghost, journeyman GrBe
D:14 3 runed translucent doors, exclusion: 3 doors, Opnastoc's ghost, journeyman MiBe
Lair:1 exclusion: oklob plant
Shoals:1 exclusion: kraken
Snake:1 exclusion: mana viper, Louise; Roxanne
Slime:5 Royal Jelly
Elf:1 6 runed translucent doors
Elf:2 1 exclusion
Crypt:2 3 runed translucent doors, exclusion: 3 doors, Teduw's ghost, veteran MiGl
Zot:4 1 runed translucent door, exclusion: door, Sanktem7's ghost, legendary FoFi


Innate Abilities, Weirdness & Mutations

You are a lightning-filled tempest!
Your electrical attacks strike out in all directions at once.
You are incredibly evasive.
Your insubstantial body is immune to petrification, constriction, and being set on fire You are flying.
Your armour is entirely melded.
You are incapable of wielding weapons or throwing items.
You cannot wear most types of armour.
You are amphibious.
You can wear up to eight rings at the same time.
((Your skin changes colour to match your surroundings (Stealth+).))
((Your rubbery body absorbs attacks. (AC +1, EV +1)))
((You are camouflaged when in or above water. (Stealth+)))
((You have tentacles for arms and can constrict up to eight enemies at once.))
((One of your tentacles bears a large vicious spike.))
((You are mostly covered in iridescent scales. (AC +4)))
You possess an exceptional clarity of mind.
Your mind is very acute. (Int +8, Str/Dex -2)
((Your system is resistant to poisons. (rPois)))
You do not regenerate when monsters are visible.
((Armour fits poorly on your large pseudopods.))
((Your melee attacks may engulf your foes in ooze.))


Message History

You blast the sixfirhy!!!
You kill the sixfirhy! 4 hell hounds come into view.
The hell hound barks!
The hell hound breathes flames at you. The blast of flame misses you.
The hell hound completely misses you.
You blast the hell hound!!!
Lightning courses through the hell hound!
You kill the hell hound!
You hit the hell hound.
Lightning courses through the hell hound!!
You closely miss the hell hound. You barely miss the hell hound.
You batter the hell hound!!
You kill the hell hound!
You blast the hell hound!!!!
You kill the hell hound!
You batter the hell hound!! The hell hound closely misses you.
You blast the hell hound!!!!
You kill the hell hound!
No target in view!
You see here a hell hound corpse.
There is a stone staircase leading up here.
You fly upwards.
There is a stone staircase leading down here.
There is a stone staircase leading up here.
You fly upwards.
There is a stone staircase leading down here.
There is a stone staircase leading up here.
You fly upwards.
Level annotation: 1 runed translucent door, exclusion: door, Crazy Yiuf
There is a stone staircase leading down here.
There is a stone staircase leading down here.
There is a stone staircase leading up here.
You fly upwards.
There is a stone staircase leading down here.
You see here a +0 dagger.
You see here a +0 whip.
There is a staircase leading out of the dungeon here.
You have escaped!

............P.P..PP..P.PP#
........PP.P.PP.P.P....PP#
.............P.PPP.P.P.PP#
.........P.P..P.P.P..P.PP#
...........P..PP.PP.PP.PP#
........P.P.PP.PPP.PP.PPP#
........PP..P.P...P....PP#
........PP......P.P...PPP#
........PPP.P...v..P.PPPP#
........P...PP.P..PP..PPP#
..........###...........##
.......................##
......)...........#...##
....###.........#######
.>..#.#.........#
...#)♣)#......(.#
....#.#.........#


There were no monsters in sight!

Vanquished Creatures
  An ancient lich (Zot:5)
  2 dread liches (Zot:5)
  4 orbs of fire (Zot:5)
  A juggernaut (Depths:2)
  Josephina (Zot:2)
  6 Killer Klowns (Zot:5)
  Margery (Vaults:3)
  Xtahua (Vaults:3)
  A curse toe (Zot:4)
  8 golden dragons
  Nikola (Snake:3)
  4 bone dragons
  5 electric golems
  14 tentacled monstrosities
  4 liches
  26 Orb Guardians
  A walking crystal tome (Depths:2)
  2 deep elf blademasters (Elf:3)
  A walking frostbound tome (Depths:4)
  Polyphemus (Shoals:2)
  8 ancient champions
  11 quicksilver dragons
  A titan (Shoals:4)
  A walking divine tome (Depths:2)
  A kraken (Shoals:3)
  Gastronok (D:9)
  7 sphinxes
  6 death cobs
  12 storm dragons
  6 tengu reavers
  7 shadow dragons
  2 draconian monks (Zot:1)
  2 nagarajas
  2 revenants (Crypt:3)
  Ilsuiw (Shoals:3)
  7 fire giants
  3 deep elf sorcerers
  4 iron dragons (Depths:1)
  5 frost giants
  4 draconian knights
  4 curse skulls
  5 draconian scorchers
  3 ghost moths
  4 draconian shifters
  A balrug (Zot:5)
  4 draconian stormcallers
  3 orc warlords
  7 spectral caustic shrikes
  9 vault wardens
  16 ghouls
  4 draconian annihilators
  3 deep elf elementalists (Elf:3)
  3 caustic shrike zombies
  30 very ugly things
  2 war gargoyles
  10 ironbound preservers
  3 ironbound thunderhulks
  13 green draconians
  23 vampire knights
  16 stone giants
  6 deep elf demonologists
  Azrael (Snake:3)
  11 yellow draconians
  4 halazid warlocks (WizLab)
  11 deep elf annihilators
  An entropy weaver (Vaults:1)
  6 spark wasps (Depths:2)
  11 dire elephants
  A spectral titan (WizLab)
  6 purple draconians
  7 white draconians
  3 red draconians
  8 black draconians
  2 crystal guardians (Vaults:3)
  7 ettins
  6 eidola
  9 fire dragons
  11 deep elf death magi
  2 blizzard demons (Depths:3)
  7 deep elf high priests
  13 jiangshi
  A fire dragon (shapeshifter) (Depths:3)
  11 merfolk impalers
  3 mummy priests (Tomb:1)
  6 great orbs of eyes
  A quicksilver dragon zombie (Crypt:3)
  11 yaktaur captains
  7 merfolk javelineers (Shoals:4)
  4 peacekeepers
  Harold (D:9)
  7 boulder beetles
  A rakshasa (Depths:1)
  3 spriggan air magi
  11 hydras
  A salamander tyrant (Snake:3)
  19 vault guards
  An Orb Guardian zombie (Crypt:3)
  11 ironbound frosthearts
  16 anacondas
  A catoblepas (Shoals:2)
  5 ogre magi
  6 ice dragons
  An anaconda (shapeshifter) (Vaults:4)
  5 naga warriors
  21 centaur warriors
  4 merfolk aquamancers (Shoals:4)
  21 two-headed ogres
  7 deep troll shamans
  3 death knights
  5 death scarabs (Tomb:1)
  5 deep troll earth magi
  4 satyrs
  3 titan zombies
  23 dancing weapons
  10 tengu warriors
  7 death yaks
  An orc high priest (Elf:1)
  13 vampire magi
  9 shock serpents
  2 hell knights
  3 spriggan berserkers
  Nergalle (D:10)
  17 deep elf knights
  12 naga sharpshooters
  3 sun demons (Zot:5)
  A storm dragon zombie (Crypt:3)
  8 iron trolls
  4 salamander mystics
  2 fire crabs (shapeshifter) (D:15)
  38 skeletal warriors
  3 shadow wraiths
  A sixfirhy (D:5)
  An entropy weaver zombie (Crypt:1)
  19 sea snakes
  A spectral spark wasp (WizLab)
  The ghost of middlethird the Magician, a novice MeEE of Cheibriados (D:6)
  4 flayed ghosts
  An orange crystal statue (Depths:3)
  8 naga ritualists
  36 deep trolls
  A tengu zombie (Vaults:1)
  25 deep elf archers
  3 glowing orange brains
  3 bog bodies
  3 obsidian statues (Depths:3)
  15 lindwurms
  20 ironbound convokers
  A spriggan simulacrum (Snake:1)
  35 phantasmal warriors
  8 wizards
  21 harpies
  2 wolf spider zombies (WizLab)
  29 deep elf zephyrmancers
  16 mana vipers
  14 necromancers
  39 deep elf pyromancers
  48 ugly things
  4 orc knights
  A spectral spriggan (WizLab)
  3 oklob plants (Lair:5)
  11 cyclopes
  14 fauns
  4 orc sorcerers
  22 moths of wrath
  A shadow dragon skeleton (Crypt:3)
  7 manticores
  2 fire giant skeletons (Crypt:1)
  12 salamanders
  A stone giant skeleton (Crypt:3)
  6 merfolk sirens
  13 guardian serpents
  4 rust devils (Depths:1)
  An elf zombie (Vaults:1)
  Joseph (D:9)
  A human skeleton (Vaults:2)
  16 vault sentinels
  11 water nymphs
  A shock serpent zombie (Crypt:2)
  39 black mambas
  A guardian serpent (shapeshifter) (D:15)
  A yaktaur zombie (Vaults:1)
  An alligator snapping turtle zombie (Crypt:3)
  7 cane toads
  9 naga magi
  4 molten gargoyles
  A storm dragon simulacrum (Zot:2)
  A catoblepas zombie (Crypt:1)
  A gargoyle (D:14)
  A rime drake (shapeshifter) (Elf:3)
  2 rime drakes
  An unseen horror (D:10)
  5 freezing wraiths
  12 komodo dragons
  A kobold demonologist (D:7)
  An efreet (D:13)
  8 guardian mummies (Tomb:1)
  4 tengu conjurers
  A ghost moth simulacrum (Zot:2)
  21 yaktaurs
  A golden dragon simulacrum (Zot:2)
  11 merfolk
  A spectral harpy (WizLab)
  2 hornets (Depths:1)
  7 trolls
  2 harpy zombies (Crypt:3)
  A polar bear (Lair:2)
  4 spriggan zombies
  A wolf spider simulacrum (D:15)
  9 wind drakes
  A tengu simulacrum (Vaults:1)
  2 blink frogs (shapeshifter)
  23 slime creatures
  6 snapping turtles
  25 blink frogs
  21 dream sheep
  46 flying skulls
  14 air elementals
  A draconian simulacrum (Zot:2)
  42 water elementals
  3 spriggans
  A shadow (D:9)
  11 wyverns
  2 dire elephant simulacra
  16 wraiths
  A vampire (D:11)
  3 ushabtiu (Tomb:1)
  10 fire elementals
  39 yaks
  Grum (D:10)
  10 basilisks
  9 vampire mosquitoes
  A basilisk (shapeshifter) (D:14)
  A yak (shapeshifter) (Vaults:4)
  2 steam dragons (Lair:5)
  An elf skeleton (Vaults:1)
  An elf simulacrum (Vaults:2)
  Menkaure (Ossuary)
  A glowing orange brain zombie (Crypt:3)
  2 minotaur simulacra (Snake:1)
  34 nagas
  A harpy simulacrum (Crypt:3)
  3 acid dragons
  2 wargs
  12 hell hounds
  14 water moccasins
  A swamp drake (D:10)
  A moth of wrath simulacrum (Zot:2)
  2 black bears
  15 orc warriors
  7 sky beasts
  31 ogres
  The ghost of Andrakon the Chiller, an amateur DrIE (D:3)
  A golden eye zombie (Crypt:1)
  A snapping turtle skeleton (Crypt:2)
  A phantom (D:5)
  5 wolves
  5 centaurs
  An elephant skeleton (Crypt:2)
  A kobold brigand (D:4)
  5 gnoll sergeants
  17 bullfrogs
  11 earth elementals
  A deep troll simulacrum (Snake:1)
  A glowing shapeshifter simulacrum (Vaults:2)
  5 scorpions
  9 necrophages
  15 wights
  9 killer bees
  A nameless horror (Snake:2)
  A polar bear skeleton (Crypt:3)
  5 howler monkeys
  A lindwurm simulacrum (Snake:1)
  2 electric eels (D:11)
  A human zombie (Crypt:3)
  8 lava snakes
  3 quasits (D:3)
  2 jellies
  7 hounds
  4 gnoll boudas
  10 orc priests
  An iguana (D:5)
  A basilisk skeleton (Crypt:1)
  A boggart zombie (Crypt:2)
  17 orc wizards
  A naga zombie (Crypt:3)
  An ogre skeleton (Crypt:2)
  A hound skeleton (D:8)
  8 mummies
  Robin (D:3)
  35 gnolls
  5 adders
  A swamp drake skeleton (Crypt:1)
  3 white imps
  4 ufetubi
  2 worms
  4 dart slugs
  60 orcs
  4 ball pythons
  6 endoplasms
  10 goblins
  8 hobgoblins
  A jackal (D:10)
  10 kobolds
  2 quokkas
  14 bats
  A dart slug zombie (Crypt:3)
  3 frilled lizards
  3 gnoll skeletons (Ossuary)
  4 gnoll zombies (Ossuary)
  2 goblin skeletons (Ossuary)
  4 goblin zombies
  7 hobgoblin skeletons (Ossuary)
  3 hobgoblin zombies (Ossuary)
  6 kobold skeletons (Ossuary)
  3 kobold zombies (Ossuary)
  6 orc skeletons
  10 orc zombies (Ossuary)
  A quokka skeleton (Crypt:3)
  A quokka zombie (D:5)
  3 rats (D:1)
  3 rat skeletons (Ossuary)
  3 rat zombies
  A river rat skeleton (Crypt:3)
  3 ball lightnings (Depths:3)
  A tentacle (Shoals:3)
2310 creatures vanquished.

Vanquished Creatures (collateral kills)
  An orb of fire (Zot:5)
  An ancient lich (Zot:5)
  5 nagarajas
  A fire giant (D:15)
  2 draconian knights (Zot:5)
  A deep elf elementalist (Elf:3)
  A red draconian (Zot:5)
  A deep elf annihilator (Elf:3)
  A purple draconian (Zot:5)
  2 merfolk javelineers (Shoals:3)
  A hydra (D:15)
  2 naga warriors
  2 merfolk avatars
  A catoblepas (Shoals:2)
  A death yak (Shoals:2)
  A naga sharpshooter (Snake:4)
  2 naga ritualists
  A spriggan simulacrum (Snake:1)
  4 harpies
  A cyclops (Shoals:3)
  4 manticores (Shoals:3)
  4 fauns
  An ugly thing (D:15)
  2 water nymphs (Shoals:1)
  A guardian serpent (Snake:4)
  3 naga magi
  5 merfolk sirens
  3 black mambas
  A komodo dragon (Lair:5)
  8 merfolk
  2 wind drakes (Shoals:1)
  3 dream sheep (Shoals:3)
  2 snapping turtles
  A wyvern (Lair:5)
  3 water elementals
  A basilisk (Shoals:2)
  A minotaur simulacrum (Snake:1)
  2 nagas
  An orc warrior (D:15)
  An ice beast (D:5)
  A phantom (D:5)
  A scorpion (D:5)
  3 gnolls (D:10)
  An orc (D:10)
87 creatures vanquished.

Vanquished Creatures (others)
  An Orb Guardian (Zot:5)
  4 eldritch tentacles (Zot:5)
  A storm dragon (shapeshifter) (Depths:3)
  A storm dragon (Zot:5)
  A fire giant (Vaults:3)
  A deep elf elementalist (Elf:2)
  A very ugly thing (Depths:3)
  A stone giant (shapeshifter) (Depths:3)
  A quicksilver ooze (shapeshifter) (Depths:3)
  A blizzard demon (Depths:3)
  An ettin (shapeshifter) (Depths:3)
  An ogre mage (Orc:2)
  A merfolk aquamancer (Shoals:3)
  2 dancing weapons (Depths:3)
  A two-headed ogre (Orc:2)
  11 glowing orange brains
  2 deep elf zephyrmancers
  An ugly thing (Depths:3)
  A salamander (shapeshifter) (Depths:3)
  A black mamba (Snake:4)
  2 molten gargoyles (Depths:3)
  A guardian serpent (shapeshifter) (Depths:4)
  A wind drake (Depths:3)
  A tarantella (shapeshifter) (Depths:3)
  A slime creature (shapeshifter) (Depths:3)
  A dream sheep (shapeshifter) (Depths:3)
  A jumping spider (shapeshifter) (Elf:3)
  A water elemental (Shoals:3)
  A culicivora (shapeshifter) (Depths:3)
  An air elemental (Depths:3)
  4 fire elementals (Depths:3)
  A redback (shapeshifter) (Depths:3)
  A two-headed ogre skeleton (Crypt:2)
  108 jellies
  A bullfrog skeleton (Crypt:2)
  An endoplasm (D:1)
  A rat (D:1)
  6 ball lightnings (Depths:3)
  25 fungi
  202 plants
  28 tentacles (Shoals:3)
  A withered plant (Shoals:2)
425 creatures vanquished.

Grand Total: 2822 creatures vanquished

Notes
Turn   | Place    | Note
-------+----------+-------------------------------------------
     0 | D:1      | SuperSeabass the Octopode Ice Elementalist began the quest
                  | for the Orb.
     0 | D:1      | Reached XP level 1. HP: 11/11 MP: 3/3
   210 | D:1      | Reached XP level 2. HP: 12/17 MP: 5/5
   756 | D:1      | Reached XP level 3. HP: 21/21 MP: 4/6
   762 | D:1      | Learned a level 3 spell: Frozen Ramparts
   766 | D:1      | Learned a level 3 spell: Ozocubu's Armour
  1135 | D:1      | Found a faded altar of an unknown god.
  1439 | D:2      | Found Cuipudig's Armour Shop.
  1775 | D:2      | Found a runed translucent door.
  1776 | D:2      | Noticed Crazy Yiuf
  2108 | D:3      | Reached XP level 4. HP: 24/27 MP: 8/8
  2157 | D:3      | Reached skill level 5 in Ice Magic
  2239 | D:3      | Noticed Robin
  2454 | D:3      | Killed Robin
  2593 | D:3      | Found a transporter.
  2697 | D:3      | Found a transporter.
  2700 | D:3      | Noticed Andrakon's ghost (amateur DrIE)
  2744 | D:3      | Found a broken altar of Ashenzari.
  2957 | D:3      | Found an ancient bone altar of Kikubaaqudgha.
  3353 | D:4      | Reached XP level 5. HP: 22/31 MP: 10/10
  3883 | D:4      | Noticed a kobold brigand
  3972 | D:4      | Killed a kobold brigand
  3987 | D:4      | Reached XP level 6. HP: 34/36 MP: 11/11
  4425 | D:4      | Reached skill level 1 in Conjurations
  4650 | D:4      | Found a staircase to the Ecumenical Temple.
  4659 | Temple   | Entered the Ecumenical Temple
  4821 | Temple   | Became a worshipper of Gozag Ym Sagoz the Greedy
  4968 | D:4      | Reached XP level 7. HP: 41/41 MP: 13/13
  5386 | D:5      | Entered Level 5 of the Dungeon
  5563 | D:5      | Found a sand-covered staircase.
  5584 | Ossuary  | Entered an ossuary
  6309 | Ossuary  | Noticed Menkaure
  6365 | Ossuary  | Killed Menkaure
  7097 | D:5      | Reached XP level 8. HP: 46/46 MP: 15/15
  7129 | D:5      | Found a hazy altar of Hepliaklqana.
  7234 | D:5      | Reached skill level 5 in Spellcasting
  7668 | D:5      | Found an ornate altar of the Wu Jian Council.
  7701 | D:6      | Noticed a manticore
  7982 | D:6      | Learned a level 4 spell: Hailstorm
  8415 | D:6      | Reached XP level 9. HP: 48/51 MP: 17/17
  8478 | D:6      | Found a runed translucent gate.
  8478 | D:6      | Found a runed translucent gate.
  8478 | D:6      | Found a runed translucent gate.
  8483 | D:6      | Noticed middlethird's ghost (novice MeEE)
  8543 | D:6      | Reached skill level 5 in Conjurations
  9184 | D:6      | Found a stormy altar of Qazlal.
  9454 | D:7      | Found a runed translucent door.
  9505 | D:7      | Reached skill level 10 in Ice Magic
  9701 | D:7      | Found a white marble altar of Elyvilon.
  9881 | D:7      | Reached XP level 10. HP: 57/57 MP: 21/21
  9901 | D:7      | Reached skill level 1 in Shields
  9903 | D:7      | Reached skill level 1 in Fighting
 10271 | D:7      | Noticed a kobold demonologist
 10273 | D:7      | Noticed a boulder beetle
 10423 | D:7      | Killed a kobold demonologist
 10446 | D:7      | Noticed a deep elf pyromancer
 10554 | D:2      | Bought the +2 shield of Resistance {rF++ rC++ Will++} for
                  | 916 gold pieces
 10554 | D:2      | Found the +2 shield of Resistance {rF++ rC++ Will++}
 11176 | D:8      | Reached skill level 5 in Stealth
 11782 | D:8      | Found a burning altar of Makhleb.
 12081 | D:8      | Found a bloodstained altar of Trog.
 12084 | D:8      | Found a basalt altar of Yredelemnul.
 12086 | D:8      | Found an iron altar of Okawaru.
 12120 | D:8      | Noticed a two-headed ogre
 12234 | D:9      | Noticed Harold
 12245 | D:9      | Killed Harold
 12318 | D:9      | Noticed Joseph
 12336 | D:9      | Killed Joseph
 12337 | D:9      | Reached XP level 11. HP: 68/68 MP: 23/23
 12342 | D:9      | Noticed Gastronok
 12353 | D:9      | Killed Gastronok
 12354 | D:9      | Reached skill level 5 in Dodging
 12809 | D:9      | Identified 2 scrolls of acquirement
 12810 | D:9      | Acquired 611 gold pieces
 12812 | D:9      | Acquired 709 gold pieces
 13282 | D:9      | Reached skill level 5 in Fighting
 13284 | D:9      | Reached skill level 5 in Shields
 13519 | D:9      | Found Faemaxi's General Store.
 13527 | D:9      | Bought a scroll of poison for 44 gold pieces
 13607 | D:9      | Found a runed translucent gate.
 13607 | D:9      | Found a runed translucent gate.
 13607 | D:9      | Found a runed translucent gate.
 13609 | D:9      | Noticed KittyFluff's ghost (journeyman GrBe)
 13829 | D:10     | Entered Level 10 of the Dungeon
 14047 | D:10     | Found the +3 woodcutter's axe {vorpal}
 14142 | D:10     | Noticed an orc knight
 14152 | D:10     | Noticed Nergalle
 14158 | D:10     | Killed an orc knight
 14164 | D:10     | Killed Nergalle
 14288 | D:10     | Noticed an orc knight
 14297 | D:10     | Found a staircase to the Orcish Mines.
 14298 | D:10     | Found Mirchuts's Armour Shop.
 14308 | D:10     | Killed an orc knight
 14425 | D:10     | Noticed a cyclops
 14450 | D:10     | Killed a cyclops
 14516 | D:10     | Found Yfoelidgh's General Store.
 14520 | D:10     | Bought a scroll of blinking for 90 gold pieces
 14520 | D:10     | Bought a scroll of identify for 24 gold pieces
 14520 | D:10     | Bought a scroll of identify for 24 gold pieces
 14520 | D:10     | Bought a potion of might for 48 gold pieces
 14520 | D:10     | Bought a wand of roots (5) for 144 gold pieces
 14520 | D:10     | Bought a potion of berserk rage for 60 gold pieces
 14520 | D:10     | Bought a wand of mindburst (7) for 117 gold pieces
 14843 | D:10     | Reached XP level 12. HP: 78/78 MP: 25/25
 14905 | D:10     | Found a staircase to the Lair.
 15114 | D:10     | Found a portal to a secret trove of treasure.
 15253 | D:10     | Noticed Grum
 15260 | D:10     | Killed Grum
 15586 | Lair:1   | Entered Level 1 of the Lair of Beasts
 15823 | Lair:1   | Learned a level 3 spell: Mephitic Cloud
 15824 | Lair:1   | Noticed a four-headed hydra
 15842 | Lair:1   | Killed a four-headed hydra
 16337 | Lair:1   | Reached skill level 1 in Poison Magic
 16398 | Lair:1   | Reached skill level 1 in Air Magic
 16516 | Lair:1   | Noticed a six-headed hydra
 16534 | Lair:1   | Killed a six-headed hydra
 17238 | Lair:2   | Reached skill level 10 in Stealth
 17549 | Lair:2   | Found a staircase to the Snake Pit.
 17660 | Lair:2   | Reached skill level 10 in Spellcasting
 18084 | Lair:3   | Found a staircase to the Shoals.
 18696 | Lair:3   | Reached XP level 13. HP: 79/86 MP: 27/27
 19230 | Lair:3   | Bought the Incunable of Transformation for 684 gold pieces
 19230 | Lair:3   | Bought the Codex of Discontinuous Moulding for 576 gold
                  | pieces
 19230 | Lair:3   | Bought the Spellbook of Foul Gloom for 648 gold pieces
 19235 | Lair:3   | Learned a level 4 spell: Olgreb's Toxic Radiance
 19271 | Lair:3   | Reached skill level 1 in Transmutations
 19455 | Lair:4   | Reached skill level 5 in Poison Magic
 19802 | Lair:4   | Identified the ring of New Discoveries {Contam rC++ rCorr
                  | Slay+4 Stlth+}
 20191 | Lair:5   | Entered Level 5 of the Lair of Beasts
 20831 | Lair:5   | Found a viscous altar of Jiyva.
 20985 | Lair:5   | Reached skill level 5 in Air Magic
 21181 | Lair:5   | Reached skill level 5 in Transmutations
 21326 | Lair:5   | Noticed a fire dragon
 21359 | Lair:5   | Found a large runed translucent door.
 21359 | Lair:5   | Found a large runed translucent door.
 21574 | Lair:5   | Reached XP level 14. HP: 76/95 MP: 12/28
 21787 | Lair:5   | Found an ornate altar of the Wu Jian Council.
 21928 | Lair:5   | Found a hide-covered altar of Uskayaw.
 22286 | Lair:5   | Learned a level 2 spell: Passwall
 23058 | Lair:5   | Got the Compendium of Metamorphosis
 23668 | D:11     | Reached skill level 1 in Evocations
 24609 | D:8      | Found a runed translucent door.
 24734 | D:8      | Found an ornate altar of the Wu Jian Council.
 24765 | D:8      | Found a broken altar of Ashenzari.
 24846 | D:8      | Found a hide-covered altar of Uskayaw.
 24881 | D:8      | Found a radiant altar of Vehumet.
 24893 | D:8      | Found a basalt altar of Yredelemnul.
 24907 | D:8      | Found a glowing silver altar of Zin.
 25453 | D:3      | Killed Andrakon's ghost
 25609 | D:6      | Killed middlethird's ghost
 26299 | Orc:1    | Entered Level 1 of the Orcish Mines
 26465 | Orc:1    | Found Dueru's Armour Shop.
 27022 | Orc:2    | Entered Level 2 of the Orcish Mines
 27120 | Orc:2    | Reached XP level 15. HP: 36/102 MP: 23/29
 27132 | Orc:2    | Reached skill level 10 in Dodging
 27399 | Orc:2    | Reached skill level 10 in Fighting
 27634 | Orc:2    | Found Xomm's General Store.
 27634 | Orc:2    | Found Sain's Antique Armour Emporium.
 27634 | Orc:2    | Found Tyfuqeza's Antique Armour Emporium.
 27634 | Orc:2    | Found Fegi's General Store.
 27643 | Orc:2    | Bought a potion of ambrosia for 128 gold pieces
 27643 | Orc:2    | Bought 3 curare-tipped darts for 28 gold pieces
 27643 | Orc:2    | Bought a potion of flight for 48 gold pieces
 27649 | Orc:2    | Bought a scroll of fog for 52 gold pieces
 27649 | Orc:2    | Bought a potion of invisibility for 104 gold pieces
 27649 | Orc:2    | Bought a scroll of fog for 52 gold pieces
 27823 | Orc:2    | Found a staircase to the Elven Halls.
 29431 | D:12     | Identified the +5 ring mail "Lewn" {Drain rPois rC+++
                  | Str+3}
 29534 | D:12     | Reached skill level 5 in Evocations
 29577 | D:12     | Reached skill level 10 in Transmutations
 30882 | D:13     | Found Esoef's Gadget Gallery.
 30887 | D:13     | Bought a lightning rod (4/4) for 450 gold pieces
 30887 | D:13     | Bought a condenser vane for 600 gold pieces
 30887 | D:13     | Bought a tin of tremorstones (2/2) for 600 gold pieces
 30887 | D:13     | Bought a box of beasts for 600 gold pieces
 31341 | D:14     | Found a runed translucent gate.
 31343 | D:14     | Found a runed translucent gate.
 31344 | D:14     | Found a runed translucent gate.
 31345 | D:14     | Noticed Opnastoc's ghost (journeyman MiBe)
 31347 | D:14     | Identified the +5 chain mail of Kucuolil {rF+}
 31348 | D:14     | Identified the ring "Ladween" {rF+ Will+}
 31495 | D:14     | Reached skill level 1 in Summonings
 31588 | D:14     | Found a gate to the Vaults.
 31595 | D:14     | Reached XP level 16. HP: 85/111 MP: 22/30
 31991 | D:15     | Entered Level 15 of the Dungeon
 32396 | D:15     | Found Dintub's Vocational Training.
 32409 | D:15     | Learned a level 4 spell: Summon Lightning Spire
 33101 | D:15     | Found a staircase to the Depths.
 33575 | Lair:3   | Bought Sif Muna's Advanced Steps in the Arcane Arts for
                  | 1008 gold pieces
 33582 | Lair:3   | Learned a level 6 spell: Eringya's Noxious Bog
 33617 | Shoals:1 | Entered Level 1 of the Shoals
 33806 | Shoals:1 | Learned a level 4 spell: Summon Ice Beast
 34336 | Shoals:1 | Found the ring of the Mage {Wiz Archmagi}
 34795 | Shoals:1 | Noticed a kraken
 36148 | Shoals:2 | Noticed Polyphemus
 36161 | Shoals:2 | Killed Polyphemus
 37490 | Shoals:3 | Noticed a kraken
 37890 | Shoals:3 | Reached XP level 17. HP: 99/118 MP: 26/31
 38261 | Shoals:3 | Noticed Ilsuiw
 39232 | Shoals:3 | Found Umpap's Distillery.
 39286 | Shoals:3 | Bought a potion of curing for 39 gold pieces
 39286 | Shoals:3 | Bought a potion of heal wounds for 65 gold pieces
 39286 | Shoals:3 | Bought a potion of resistance for 130 gold pieces
 40268 | Shoals:3 | Killed Ilsuiw
 40830 | Snake:1  | Entered Level 1 of the Snake Pit
 41047 | Snake:1  | Found a frozen archway.
 41638 | Snake:1  | Identified Roxanne's Guidebook on Metamorphosis
 41638 | Snake:1  | Noticed Roxanne
 44112 | Snake:1  | Noticed Louise
 45316 | Snake:2  | Learned a level 7 spell: Dragon Form
 45819 | Snake:3  | Reached XP level 18. HP: 104/127 MP: 32/32
 46537 | Snake:3  | Noticed Nikola
 46551 | Snake:3  | Killed Nikola
 46749 | Snake:3  | Noticed Azrael
 46761 | Snake:3  | Killed Azrael
 46965 | Snake:3  | Reached skill level 15 in Transmutations
 47356 | Snake:4  | Entered Level 4 of the Snake Pit
 48219 | Snake:4  | Reached skill level 10 in Air Magic
 50568 | Snake:4  | Reached XP level 19. HP: 131/135 MP: 24/33
 50957 | Snake:4  | Got a serpentine rune of Zot
 51170 | Shoals:4 | Entered Level 4 of the Shoals
 51170 | Shoals:4 | Found a stormy altar of Qazlal.
 51257 | Shoals:4 | Paralysed by an air elemental for 1 turns
 51260 | Shoals:4 | Paralysed by an air elemental for 1 turns
 51264 | Shoals:4 | Paralysed by an air elemental for 1 turns
 51268 | Shoals:4 | Paralysed by an air elemental for 1 turns
 51966 | Shoals:4 | Paralysed by an air elemental for 1 turns
 51976 | Shoals:4 | Paralysed by an air elemental for 1 turns
 51979 | Shoals:4 | Paralysed by an air elemental for 1 turns
 52091 | Shoals:4 | Paralysed by an air elemental for 1 turns
 52704 | Shoals:4 | Identified the +8 dagger "Gaxit" {flame, rCorr SInv Stlth+}
 52973 | Shoals:4 | Paralysed by an air elemental for 1 turns
 53367 | Shoals:4 | Paralysed by an air elemental for 1 turns
 53739 | Shoals:4 | Learned a level 7 spell: Storm Form
 53983 | Shoals:4 | Paralysed by an air elemental for 1 turns
 54038 | Shoals:4 | Identified the ring of Zobept {+Blink Str+6}
 54439 | Shoals:4 | Paralysed by an air elemental for 1 turns
 55022 | Shoals:4 | Paralysed by an air elemental for 1 turns
 55025 | Shoals:4 | Paralysed by an air elemental for 1 turns
 55501 | Shoals:4 | Paralysed by an air elemental for 1 turns
 55503 | Shoals:4 | Paralysed by an air elemental for 1 turns
 55757 | Shoals:4 | Got a barnacled rune of Zot
 55778 | Shoals:4 | Learned a level 2 spell: Wereblood
 56418 | Orc:2    | Bought the amulet of the Four Winds {rN+ Will+++ Clar} for
                  | 971 gold pieces
 56418 | Orc:2    | Found the amulet of the Four Winds {rN+ Will+++ Clar}
 56800 | Elf:1    | Entered Level 1 of the Elven Halls
 56818 | Elf:1    | Reached skill level 1 in Unarmed Combat
 56990 | Elf:1    | Found an ancient bone altar of Kikubaaqudgha.
 58182 | Elf:1    | Reached XP level 20. HP: 77/142 MP: 34/34
 58673 | Elf:1    | Identified the +3 scale mail "Asikhlolef" {Drain +Blink rF+
                  | SInv}
 58768 | Elf:1    | Got Xehoiqag's Secrets of Fetching Spelunking
 58771 | Elf:1    | Found a runed translucent gate.
 58771 | Elf:1    | Found a runed translucent gate.
 58771 | Elf:1    | Found a runed translucent gate.
 58771 | Elf:1    | Found a runed translucent gate.
 58771 | Elf:1    | Found a runed translucent gate.
 58774 | Elf:1    | Found a runed translucent gate.
 59141 | Elf:2    | Reached skill level 5 in Unarmed Combat
 59151 | Elf:2    | Reached skill level 15 in Air Magic
 59966 | Elf:3    | Entered Level 3 of the Elven Halls
 60956 | Elf:3    | Paralysed by an air elemental for 1 turns
 61976 | Elf:2    | Learned a level 5 spell: Yara's Violent Unravelling
 61981 | Elf:2    | Learned a level 3 spell: Lesser Beckoning
 62173 | Vaults:1 | Entered Level 1 of the Vaults
 62276 | Vaults:1 | Reached skill level 1 in Translocations
 62438 | Vaults:1 | Found a magical portal.
 62453 | WizLab   | Entered Borgnjor's Mausoleum
 62949 | WizLab   | Reached XP level 21. HP: 131/147 MP: 35/35
 64146 | WizLab   | Got the Anthology of Profane Arts
 64899 | Vaults:1 | Reached skill level 10 in Unarmed Combat
 66670 | Vaults:1 | Bought the ring of the Genius {rPois Int+3 SInv} for 455
                  | gold pieces
 66989 | Vaults:2 | Found a staircase to the Crypt.
 67460 | Vaults:2 | Reached skill level 5 in Translocations
 67734 | Vaults:2 | Reached XP level 22. HP: 96/155 MP: 36/36
 68418 | Vaults:3 | Found a flickering gateway to a bazaar.
 68434 | Bazaar   | Entered a bazaar
 68436 | Bazaar   | Found Heaf's Assorted Antiques.
 68440 | Bazaar   | Found Ekolaisk's Antique Weapon Boutique.
 68440 | Bazaar   | Found Boif Leo's Book Boutique.
 68440 | Bazaar   | Found Omiot's Antique Weapon Boutique.
 68484 | Bazaar   | Bought a potion of curing for 78 gold pieces
 68484 | Bazaar   | Bought a potion of cancellation for 208 gold pieces
 68484 | Bazaar   | Bought a scroll of fear for 104 gold pieces
 69626 | Vaults:3 | Identified the +2 chain mail of the Shoals {rF+ rN++}
 69720 | Vaults:3 | Noticed Margery
 69733 | Vaults:3 | Killed Margery
 69734 | Vaults:3 | Reached skill level 15 in Dodging
 69880 | Vaults:3 | Noticed Xtahua
 69997 | Vaults:3 | Killed Xtahua
 71246 | Vaults:4 | Reached skill level 15 in Fighting
 72181 | Vaults:4 | Reached XP level 23. HP: 71/162 MP: 34/38
 72585 | Vaults:4 | Identified the +0 plate armour "Netam" {SInv Stlth+}
 72630 | Vaults:4 | Identified the +5 quarterstaff "Hicheteq" {flame, rF+ SInv}
 72930 | Vaults:1 | Bought a potion of heal wounds for 60 gold pieces
 72930 | Vaults:1 | Bought a potion of invisibility for 96 gold pieces
 72930 | Vaults:1 | Bought a potion of cancellation for 96 gold pieces
 72930 | Vaults:1 | Bought a potion of cancellation for 96 gold pieces
 72930 | Vaults:1 | Bought a potion of curing for 36 gold pieces
 73220 | Lair:5   | Found a staircase to the Slime Pits.
 73236 | Lair:5   | Fell from the grace of Gozag
 73236 | Lair:5   | Became a worshipper of Jiyva Jyushrie the Shapeless
 73240 | Slime:1  | Entered Level 1 of the Pits of Slime
 74143 | Slime:5  | Entered Level 5 of the Pits of Slime
 74254 | Slime:5  | Found a viscous altar of Jiyva.
 74263 | Slime:5  | Noticed the Royal Jelly
 74833 | Vaults:2 | Learned a level 8 spell: Maxwell's Capacitive Coupling
 74835 | Crypt:1  | Entered Level 1 of the Crypt
 75453 | Crypt:1  | Found the +6 Majin-Bo {vamp, MP+6 Int+6}
 75467 | Crypt:1  | Learned a level 5 spell: Manifold Assault
 76257 | Crypt:1  | Reached * piety under Jiyva
 76690 | Crypt:2  | Found a runed translucent gate.
 76691 | Crypt:2  | Found a runed translucent gate.
 76692 | Crypt:2  | Found a runed translucent gate.
 76700 | Crypt:2  | Noticed Teduw's ghost (veteran MiGl)
 76829 | Crypt:2  | Reached ** piety under Jiyva
 77029 | Crypt:2  | Identified the +3 dagger of Conformity {vorpal, MP+9}
 77269 | Crypt:3  | Entered Level 3 of the Crypt
 77612 | Crypt:3  | Reached *** piety under Jiyva
 77934 | Crypt:3  | Found a staircase to the Tomb.
 78021 | Crypt:3  | Gained mutation: You are covered in slimy tendrils that may
                  | disarm your opponents. [Jiyva's grace]
 78021 | Crypt:3  | Gained mutation: Your melee attacks may engulf your foes in
                  | ooze. [Jiyva's grace]
 78021 | Crypt:3  | Gained mutation: Your mind is acute. (Int +4, Str/Dex -1)
                  | [Jiyva's grace]
 78021 | Crypt:3  | Gained mutation: Your mind is very acute. (Int +8, Str/Dex
                  | -2) [Jiyva's grace]
 78523 | Crypt:3  | Reached XP level 24. HP: 171/171 MP: 32/39
 78570 | Crypt:3  | Found a basalt altar of Yredelemnul.
 78580 | Crypt:3  | Identified the ring of Wuamu {rN+ Str+4 Int+2 SInv}
 78606 | Crypt:3  | Identified the +0 ring mail of the Fiddle {Harm}
 78779 | Crypt:3  | Identified the ring of Accord {rElec rN+ Int-3 SInv}
 79027 | Crypt:3  | Reached **** piety under Jiyva
 79030 | Crypt:3  | Identified the ring of Hospitality {rC- rN+ Int+2 Dex+5}
 79396 | Tomb:1   | Entered Level 1 of the Tomb of the Ancients
 80131 | Tomb:1   | Reached ***** piety under Jiyva
 80668 | Elf:3    | Learned a level 6 spell: Dispersal
 81376 | Elf:3    | Identified the +4 ring mail of the Old and Reckless {Regen+
                  | Str+3 Int-4}
 81384 | Elf:3    | Got the Compilation of the Toxic Atmosphere
 81387 | Elf:3    | Identified the +4 cloak "Vyemp" {rN+ Will+ Str+3}
 81465 | Elf:3    | Identified the +7 falchion of the Special Youths {holy,
                  | rC+}
 81467 | Elf:3    | Got Iwupekh's Precepts of Charged Coordinates
 81583 | Elf:3    | Identified the +1 cloak of Objectivity {rF- rN+++ Regen+
                  | Str-2}
 81902 | Depths:1 | Entered Level 1 of the Depths
 82030 | Depths:1 | Gained mutation: You possess an exceptional clarity of
                  | mind. [Jiyva's grace]
 82030 | Depths:1 | Gained mutation: Armour fits poorly on your pseudopods.
                  | [Jiyva's grace]
 82030 | Depths:1 | Gained mutation: Armour fits poorly on your large
                  | pseudopods. [Jiyva's grace]
 82030 | Depths:1 | Gained mutation: Armour fits poorly on your massive
                  | pseudopods. [Jiyva's grace]
 82112 | Depths:1 | Found a gateway to Hell.
 82343 | Depths:1 | Reached skill level 10 in Translocations
 82637 | Depths:1 | Reached XP level 25. HP: 180/180 MP: 13/40
 82734 | Depths:1 | Was forgiven by Gozag
 82849 | Depths:1 | Reached skill level 15 in Unarmed Combat
 84327 | Depths:2 | Found a one-way gate leading to the halls of Pandemonium.
 84439 | Depths:2 | Found Rerpha's Distillery.
 84444 | Depths:2 | Bought a potion of curing for 45 gold pieces
 84444 | Depths:2 | Bought a potion of heal wounds for 75 gold pieces
 84444 | Depths:2 | Bought a potion of brilliance for 60 gold pieces
 84444 | Depths:2 | Bought a potion of curing for 45 gold pieces
 84444 | Depths:2 | Bought a potion of heal wounds for 75 gold pieces
 84444 | Depths:2 | Bought a potion of brilliance for 60 gold pieces
 84444 | Depths:2 | Bought a potion of heal wounds for 75 gold pieces
 84444 | Depths:2 | Bought a potion of heal wounds for 75 gold pieces
 84768 | Depths:2 | Found Unlinuty's Jewellery Boutique.
 84768 | Depths:2 | Found Qasholoq's Book Shoppe.
 84779 | Depths:2 | Found Gupyt's Jewellery Boutique.
 84786 | Depths:2 | Bought a ring of protection from fire for 475 gold pieces
 84795 | Depths:2 | Bought a ring of protection from fire for 500 gold pieces
 84798 | Depths:2 | Bought a Grand Grimoire for 374 gold pieces
 84798 | Depths:2 | Bought a manual of Translocations for 880 gold pieces
 85046 | Depths:2 | Identified the +7 long sword of Upheaval {protect, rCorr
                  | Str-2 Int+3 Dex+4}
 85062 | Depths:2 | Found a one-way gate to the infinite horrors of the Abyss.
 85088 | Depths:2 | Found the ring of the Hare {EV+8}
 85175 | Depths:2 | Noticed a juggernaut
 85181 | Depths:2 | Killed a juggernaut
 85405 | Depths:2 | Found an iron altar of Okawaru.
 85724 | Depths:3 | Paralysed by an air elemental for 1 turns
 85829 | Depths:3 | Lost mutation: Armour fits poorly on your massive
                  | pseudopods. [Jiyva's grace]
 85829 | Depths:3 | Gained mutation: You are partially covered in iridescent
                  | scales. (AC +2) [Jiyva's grace]
 85829 | Depths:3 | Gained mutation: You are mostly covered in iridescent
                  | scales. (AC +4) [Jiyva's grace]
 85829 | Depths:3 | Gained mutation: You are completely covered in iridescent
                  | scales. (AC +6) [Jiyva's grace]
 85829 | Depths:3 | Gained mutation: One of your tentacles bears a spike.
                  | [Jiyva's grace]
 85838 | Depths:3 | Reached ****** piety under Jiyva
 86244 | Slime:5  | Identified the +1 chain mail of Veeh {rElec rF- SInv}
 86246 | Slime:5  | Got the Octavo of Wanderlust and Conduction
 86295 | Slime:5  | Identified the +6 shortbow "Xateifur" {flame, Int+7}
 86298 | Slime:5  | Identified the ring of Firpha {rF+ EV+4 Str+4}
 86326 | Slime:5  | Got the Teachings on Charming Adjuration
 86341 | Slime:5  | Got a slimy rune of Zot
 86347 | Slime:5  | Identified the +0 quarterstaff of Prescription {freeze, rF+
                  | Stlth+}
 86360 | Slime:5  | Identified the +0 plate armour of the Bells {Dex+2}
 86367 | Slime:5  | Identified the +6 chain mail "Niniadish" {Drain rF++}
 86386 | Slime:5  | Identified the +1 ring mail of the Accordion {rF+}
 87091 | Depths:3 | Identified the +3 glaive "Kaetus" {venom, rElec Str+2}
 87231 | Depths:3 | Reached skill level 5 in Summonings
 87547 | Depths:3 | Got the Directory of Curses
 87558 | Depths:3 | Got the Precepts of the Forsaken Tales
 87596 | Depths:3 | Found the +5 demon whip "Spellbinder" {antimagic, Will+}
 87711 | Depths:3 | Found a one-way gateway to a ziggurat.
 87850 | Depths:4 | Entered Level 4 of the Depths
 88159 | Depths:4 | Reached XP level 26. HP: 189/189 MP: 41/41
 88773 | Depths:4 | Found a gate to the Realm of Zot.
 89157 | Depths:4 | Learned a level 7 spell: Malign Gateway
 89232 | Zot:1    | Entered Level 1 of the Realm of Zot
 89447 | Zot:1    | Lost mutation: You are completely covered in iridescent
                  | scales. (AC +6) [Jiyva's grace]
 89447 | Zot:1    | Lost mutation: You are covered in slimy tendrils that may
                  | disarm your opponents. [Jiyva's grace]
 89447 | Zot:1    | Gained mutation: One of your tentacles bears a nasty spike.
                  | [Jiyva's grace]
 89447 | Zot:1    | Gained mutation: One of your tentacles bears a large
                  | vicious spike. [Jiyva's grace]
 89447 | Zot:1    | Gained mutation: You are robust. (+10% HP) [Jiyva's grace]
 89447 | Zot:1    | Gained mutation: You are very robust. (+20% HP) [Jiyva's
                  | grace]
 89874 | Zot:1    | Identified the +12 falchion "Kucenn" {drain, Will+ Str+3
                  | Int-5 Dex+5}
 89957 | Zot:1    | Identified the ring "Tiheuger" {*Slow Str-4 Dex+6 Slay+4
                  | SInv}
 90452 | Zot:2    | Identified the ring "Lufeups" {Ice Str+3}
 90452 | Zot:2    | Noticed Josephina
 90461 | Zot:2    | Killed Josephina
 90540 | Zot:2    | Acquired 1067 gold pieces
 90541 | Zot:2    | Acquired 895 gold pieces
 90647 | Zot:2    | Identified the +2 ring mail "Xint" {Int+5}
 91368 | Zot:3    | Found a broken altar of Ashenzari.
 91446 | Zot:3    | Got the Opusculum on Bolts
 91492 | Zot:3    | Reached XP level 27. HP: 236/236 MP: 41/41
 91580 | Zot:3    | Reached skill level 15 in Spellcasting
 91826 | Zot:4    | Noticed Sanktem7's ghost (legendary FoFi)
 91844 | Zot:4    | Lost mutation: Your mind is very acute. (Int +8, Str/Dex
                  | -2) [Jiyva's grace]
 91844 | Zot:4    | Lost mutation: Armour fits poorly on your large pseudopods.
                  | [Jiyva's grace]
 91844 | Zot:4    | Gained mutation: Your mind is very acute. (Int +8, Str/Dex
                  | -2) [Jiyva's grace]
 91844 | Zot:4    | Gained mutation: Your system is resistant to poisons.
                  | (rPois) [Jiyva's grace]
 91844 | Zot:4    | Gained mutation: Armour fits poorly on your large
                  | pseudopods. [Jiyva's grace]
 91844 | Zot:4    | Gained mutation: Armour fits poorly on your massive
                  | pseudopods. [Jiyva's grace]
 92025 | Zot:4    | Found a runed translucent door.
 92534 | Zot:5    | Entered Level 5 of the Realm of Zot
 92977 | Zot:5    | Noticed an orb of fire
 92984 | Zot:5    | Noticed an ancient lich
 92984 | Zot:5    | Noticed an orb of fire
 92991 | Zot:5    | Killed an ancient lich
 92992 | Zot:5    | Killed an orb of fire
 92993 | Zot:5    | Noticed a dread lich
 92995 | Zot:5    | Killed a dread lich
 93004 | Zot:5    | Noticed an orb of fire
 93006 | Zot:5    | Gained mutation: You occasionally lose the ability to read
                  | scrolls when taking damage. [an orb of fire]
 93007 | Zot:5    | Gained mutation: Your body sometimes deteriorates upon
                  | taking damage. [an orb of fire]
 93013 | Zot:5    | Gained mutation: You do not regenerate when monsters are
                  | visible. [an orb of fire]
 93015 | Zot:5    | Killed an orb of fire
 93018 | Zot:5    | Noticed a dread lich
 93031 | Zot:5    | Killed a dread lich
 93176 | Zot:5    | Killed an orb of fire
 93177 | Zot:5    | Reached skill level 15 in Translocations
 93379 | Zot:5    | Lost mutation: Your body sometimes deteriorates upon taking
                  | damage. [potion of mutation]
 93379 | Zot:5    | Lost mutation: You occasionally lose the ability to read
                  | scrolls when taking damage. [potion of mutation]
 93379 | Zot:5    | Lost mutation: One of your tentacles bears a large vicious
                  | spike. [potion of mutation]
 93379 | Zot:5    | Lost mutation: Armour fits poorly on your massive
                  | pseudopods. [potion of mutation]
 93379 | Zot:5    | Gained mutation: One of your tentacles bears a large
                  | vicious spike. [potion of mutation]
 93412 | Zot:5    | Noticed an orb of fire
 93419 | Zot:5    | Lost mutation: You are very robust. (+20% HP) [an orb of
                  | fire]
 93425 | Zot:5    | Lost mutation: You are robust. (+10% HP) [an orb of fire]
 93426 | Zot:5    | Killed an orb of fire
 93452 | Zot:5    | Noticed an ancient lich
 93456 | Zot:5    | Killed an ancient lich
 93856 | Zot:5    | Noticed an orb of fire
 93862 | Zot:5    | Killed an orb of fire
 94001 | Zot:5    | Got the Orb of Zot
 94266 | D:14     | Noticed Piasteh the pandemonium lord
 94512 | D:$      | Escaped with the Orb!

Illustrated notes

Levels and vault maps discovered:
D:1:      roderic_crop_circles_arrival_small, layout_rooms,
          shapermc_ecumenical_altar_petra, grunt_decor_one_mirror,
          chequers_serial_rivers_marsh, lemuel_flame_loot_1
D:2:      layout_rooms, serial_shops, shop, uniq_crazy_yiuf_cottage
D:3:      layout_loops_corners, overflow_temple_1_default,
          nicolae_ashenzari_skybound, gammafunk_ghost_stat_death,
          kennysheep_decorative_pillar, uniq_robin
D:4:      minmay_general_purpose_star, layout_basic,
          minmay_temple_entry_statues_fountains, minmay_quantized
D:5:      wad_lake_hut, layout_basic, lemuel_coloured_pillars_altar,
          nicolae_wu_jian_glorious_leap, enter_ossuary_4,
          chequers_serial_rivers_small_3, grunt_ministairs_3,
          amcnicky_mini_rare_corridor_liquid
D:6:      layout_rooms, grunt_qazlal_sundering, gammafunk_ghost_split
D:7:      minmay_the_grid_four_pointed_star
          [minmay_the_grid_triangle_9x9_subtriangle,
          minmay_the_grid_triangle_9x9_cache,
          minmay_the_grid_triangle_9x9_dagger,
          minmay_the_grid_triangle_9x9_steps,
          minmay_the_grid_prize_four_corners], layout_loops_ring,
          kennysheep_mini_moat, nicolae_kite_square_tiling_tiny
D:8:      due_megacathedral, layout_basic, makhleb_blood_cavern_becter,
          grunt_temple_overflow_open
D:9:      layout_irregular_city, serial_shops, shop,
          gammafunk_ghost_nasty_kobolds, uniq_joseph, uniq_harold,
          uniq_gastronok
D:10:     layout_cave_pools, erik_lair_dragon, orc_david_3, serial_gnoll_camp,
          grums_kennel, gnoll_camp_mini_hut, gnoll_camp_mini_hut,
          gnoll_camp_medium_01, gnoll_camp_mini_shop, gnoll_camp_mini_loothouse,
          enter_trove_0, minmay_misc_feat_iff, uniq_nergalle
D:11:     layout_cave_pools, nrook_pool_corridor
D:12:     layout_irregular_city, drop_trap, uniq_lodul
D:13:     layout_cave_pools, nicolae_shop_gadgets
D:14:     layout_big_octagon, skrybe_vaults_entry_preservation, minivault_24,
          biasface_ghost_orc_armoury, st_stairs_1
D:15:     grunt_enter_depths_giant_problem, layout_rooms, minmay_fountain_box,
          nicolae_shop_vocational
Temple:   hellmonk_temple_flake
Lair:1:   layout_layer_cave, minivault_27, hellmonk_guarded_unrand_vines
Lair:2:   layout_chaotic_city, dummy_snake_entry, chequers_serial_rivers_room_b,
          grunt_forest_stairs_clearing
Lair:3:   layout_cave_pods, elwin_shoals_entry_stream, minmay_lindwurm_lava
Lair:4:   layout_loops_ring
Lair:5:   cheibrodos_lair_end_hotspot, layout_regular_city,
          minmay_slime_entry_oklob_enclosed, nzn_masters_of_martial_movement
Shoals:1: nicolae_shoals_island_circles, layout_shoals
Shoals:2: layout_shoals, argonaut_gorgonesque, uniq_polyphemus
Shoals:3: layout_shoals, serial_shops,
          nicolae_shop_temple_entry_statues_fountains, uniq_ilsuiw
Shoals:4: shoals_end_hellmonk_storm_palace [storm_palace_center_square,
          storm_palace_corner_blocked, storm_palace_corner_reverse_hut,
          storm_palace_corner_altar, storm_palace_corner_pillars]
Snake:1:  layout_layer_cave, portal_ice_cave_entry_ice_simulacra,
          nicolae_snake_scaly_snakehead, uniq_louise, uniq_roxanne
Snake:2:  layout_rooms
Snake:3:  layout_basic, uniq_nikola, uniq_azrael
Snake:4:  grunt_snake_rune_pools, layout_cave_town, drop_trap,
          serial_bayou_pond_b
Slime:1:  layout_caves
Slime:2:  layout_caves
Slime:3:  layout_caves, special_room [special_room_jelly]
Slime:4:  layout_caves
Slime:5
Orc:1:    layout_diamond_mine, serial_shops, nicolae_shop_trees, basic_altar
Orc:2:    st_orc_ogre_mass, layout_caves, david_defended_altar_orc
Elf:1:    eino_elf_arrival_sip, layout_geoelf_diagonals, basic_altar,
          orc_legates, nicolae_elf_big_sculpture_2
Elf:2:    nicolae_elf_blades_crystal_corner, layout_geoelf_diagonals,
          minmay_misc_feat_pillars
Elf:3:    minmay_elf_hall_spiked, layout_loops_corners,
          nicolae_elf_vaults_five_recruitment_drive
Vaults:1: infiniplex_enter_wizlab_glasses, hangedman_vaults_restitches,
          v_pattern_3, nicolae_vaults_circle_grid_b, v_misc_10,
          nicolae_vaults_network_quincunx
          [nicolae_vaults_network_quincunx_subvault,
          nicolae_vaults_network_quincunx_subvault,
          nicolae_vaults_network_quincunx_subvault,
          nicolae_vaults_network_quincunx_subvault,
          nicolae_vaults_network_quincunx_subvault], v_misc_8,
          dpeg_vaults_monster_row, vaults_standard_mumra_lines, v_misc_23,
          nicolae_vaults_fighting_squares, layout_vaults_maze_bifur
Vaults:2: ontoclasm_vaults_pinch, blue_anna_dwarven_crypt, v_misc_33,
          ontoclasm_vaults_bender, vaults_dpeg_spiral, v_rooms_3,
          ontoclasm_vaults_shuriken, ontoclasm_vaults_tryst, kb_rosetta,
          dpeg_vaults_monster_box, v_misc_17, hangedman_vaults_trim, v_misc_2,
          hangedman_vaults_impose, nicolae_vaults_little_squares_3,
          vaults_room_semicircle, layout_vaults_omnibox
Vaults:3: v_alt_pattern_6, nicolae_vaults_stairing_the_circle,
          ontoclasm_vaults_chip, v_pattern_4, v_misc_2, hangedman_vaults_hat,
          grunt_vaults_hallway_short, nicolae_vaults_little_ls,
          vaults_mumra_bighexcomb, nicolae_vaults_little_squares_2,
          layout_vaults_big_room, serial_shops, bzr_in_the_mist, uniq_xtahua,
          uniq_margery
Vaults:4: st_greater_box_5, nicolae_vaults_specimen_jars,
          ontoclasm_vaults_ring_square, nicolae_vaults_little_squares_4,
          ontoclasm_vaults_gateway, ontoclasm_vaults_eye,
          vaults_room_fancy_cross, v_misc_5, vaults_room_stairs_pillars,
          hangedman_vaults_locks, v_misc_23, ontoclasm_vaults_idyll,
          vaults_mumra_hex, vaults_dpeg_hooks, layout_vaults_big_cross
Crypt:1:  minmay_guarded_unrand_majin_bo, layout_catacombs, glass_columns_a,
          minmay_misc_feat_cross, grunt_ministairs_13, fountainhead
Crypt:2:  layout_regular_city, gammafunk_ghost_necromancy
Crypt:3:  church_of_pain_bobbens, layout_chaotic_city,
          nicolae_tomb_entry_rubble_hallway
Tomb:1
Depths:1: layout_roguey, hell_entry, grunt_ministairs_10,
          minmay_misc_feat_rugged, minmay_metal_thing, grunt_megastairs_2
Depths:2: minmay_chopped_fan, layout_cave_shapes, okawaru_ov_weapons_minmay,
          hell_entry, serial_shops, shop, pan_entry, abyss_entry, st_stairs_8,
          water_boxes_lemuel, minmay_shop_grove, infiniplex_staircase_x,
          serial_bayou_shore_a
Depths:3: radiant_caverns_b_rkd, hell_entry, abyss_entry
Depths:4: grunt_zot_entry_gee_three, layout_honeycomb, pf_hell_entry_tar_river
Zot:1:    layout_basic, st_large_dragon_hoard_4
Zot:2:    layout_misc_corridors, st_single_dragon_hoard_4, grunt_megastairs_3,
          uniq_josephina, uniq_grunn
Zot:3:    layout_onion, basic_altar
Zot:4:    layout_misc_corridors, hellmonk_ghost_happy_afterlife,
          zot_minivault_4, lemuel_elevator
Zot:5:    layout_gridlike

Skill      XL: |  1  2  3  4  5  6  7  8  9 10 11 12 13 14 15 16 17 18 19 20 21 22 23 24 25 26 27 |
---------------+----------------------------------------------------------------------------------+-----
Spellcasting   | 3 4 5 7 8 9 10 11 12 13 14 15 | 15.8
Ice Magic      | 5 6 7 8 10 | 10.0
Conjurations   | 1 3 4 6 |  6.0
Stealth        | 3 6 9 10 | 10.0
Shields        | 4 5 7 8 |  8.0
Fighting       | 3 5 7 8 9 10 11 12 13 14 15 16 17 18 19 | 19.2
Dodging        | 4 6 7 8 9 11 12 13 14 15 16 17 18 19 | 19.3
Poison Magic   | 4 6 8 9 |  9.6
Air Magic      | 3 5 7 8 10 14 16 17 18 | 18.0
Transmutations | 5 8 10 12 14 16 17 18 | 18.0
Evocations     | 3 6 8 |  8.5
Summonings     | 1 4 5 8 9 |  9.9
Unarmed Combat | 3 8 11 12 13 14 16 18 19 | 19.7
Translocations | 2 5 6 7 10 11 13 15 | 15.7

Action                   |  1- 3 |  4- 6 |  7- 9 | 10-12 | 13-15 | 16-18 | 19-21 | 22-24 | 25-27 || total
-------------------------+-------+-------+-------+-------+-------+-------+-------+-------+-------++-------
Melee: Unarmed           |    15 |       |       |       |       |       |   591 |  1184 |  1091 ||  2881
       Constrict         |    16 |     8 |    54 |    60 |    54 |    87 |    42 |     5 |       ||   326
       Tentacles         |     5 |     4 |    43 |    64 |   134 |   163 |   116 |     6 |       ||   535
       Dagger            |    20 |    32 |   151 |     2 |       |       |     3 |       |       ||   208
       Punch             |     1 |     1 |     1 |     4 |     6 |    13 |    80 |    87 |    70 ||   263
       Spear             |       |       |     6 |    43 |       |   334 |   420 |    12 |       ||   815
       Falchion          |       |       |       |   202 |   426 |   179 |       |       |       ||   807
Throw: Dart              |       |       |       |       |     3 |     1 |       |       |       ||     4
       Throwing net      |       |       |       |       |     1 |       |       |       |       ||     1
 Cast: Freeze            |    31 |    16 |     4 |     6 |     6 |       |       |       |       ||    63
       Frozen Ramparts   |     2 |    17 |    39 |    80 |   110 |   101 |    89 |     8 |       ||   446
       Ozocubu's Armour  |     2 |    13 |    36 |    72 |   104 |   151 |    73 |     5 |     3 ||   459
       Hailstorm         |       |       |    10 |    19 |    46 |    71 |     2 |       |       ||   148
       Olgreb's Toxic Ra |       |       |       |       |    71 |    86 |    95 |     1 |       ||   253
       Summon Lightning  |       |       |       |       |       |    84 |     3 |       |       ||    87
       Summon Ice Beast  |       |       |       |       |       |    26 |       |       |       ||    26
       Eringya's Noxious |       |       |       |       |       |    25 |    25 |    13 |       ||    63
       Mephitic Cloud    |       |       |       |       |       |     3 |       |     1 |       ||     4
       Dragon Form       |       |       |       |       |       |     1 |       |       |       ||     1
       Storm Form        |       |       |       |       |       |       |    56 |    89 |   122 ||   267
       Yara's Violent Un |       |       |       |       |       |       |     6 |     9 |     7 ||    22
       Lesser Beckoning  |       |       |       |       |       |       |       |    18 |       ||    18
       Wereblood         |       |       |       |       |       |       |       |     1 |     7 ||     8
       Manifold Assault  |       |       |       |       |       |       |       |   308 |   501 ||   809
       Maxwell's Capacit |       |       |       |       |       |       |       |     1 |     2 ||     3
       Malign Gateway    |       |       |       |       |       |       |       |       |     4 ||     4
Invok: Call Merchant     |       |       |       |       |     1 |     1 |     5 |     2 |       ||     9
 Abil: Blinkbolt         |       |       |       |       |       |       |    33 |     6 |       ||    39
Evoke: Wand              |       |       |       |     1 |     7 |     6 |    13 |     5 |     5 ||    37
       Phantom mirror    |       |       |       |       |     1 |       |       |       |       ||     1
       Tin of tremorston |       |       |       |       |     2 |       |     2 |     2 |       ||     6
       Condenser vane    |       |       |       |       |       |     2 |     2 |     2 |       ||     6
       Box of beasts     |       |       |       |       |       |     2 |     1 |     1 |       ||     4
       Lightning rod     |       |       |       |       |       |     2 |       |     7 |       ||     9
  Use: Scroll            |     3 |       |    10 |    18 |    12 |     6 |     4 |     3 |    16 ||    72
       Potion            |       |       |     1 |     5 |     6 |    11 |     3 |       |    15 ||    41
 Stab: Sleeping          |     8 |     4 |     8 |    14 |    11 |     4 |    19 |     5 |     4 ||    77
       Distracted        |       |       |       |     2 |     3 |     6 |    10 |     3 |     2 ||    26
       Confused          |       |       |       |       |       |       |       |     1 |       ||     1
Armor: Skin              |     3 |    12 |    23 |    46 |    84 |   136 |   145 |   151 |    80 ||   680
Dodge: Dodged            |    30 |    87 |   208 |   303 |   501 |   827 |   879 |   562 |   405 ||  3802
Block: Buckler           |       |       |     1 |     6 |       |       |       |       |       ||     7
       Kite shield       |       |       |       |   200 |   368 |   571 |   251 |     1 |       ||  1391
